 Dungeon Crawl Stone Soup version 0.29-a0-90-gc37658a0fe (webtiles) character file.

Game seed: 1230127610952252522

4288 drugrobin the Spear-Bearer (level 9, -1/67 HPs)
             Began as a Demigod Warper on Feb 7, 2022.
             Splashed by a brown ugly thing's acid (10 damage)
             ... on level 10 of the Dungeon.
             The game lasted 00:37:55 (13719 turns).

drugrobin the Spear-Bearer (Demigod Warper)        Turns: 13719, Time: 00:37:56

Health: -1/67      AC:  5    Str: 20    XL:     9   Next: 86%
Magic:  23/23      EV: 10    Int: 19    God:
Gold:   377        SH:  0    Dex: 19    Spells: 5/22 levels left

rFire   . . .      SeeInvis .   a - +0 spear (venom)
rCold   + . .      Faith    .   e - orb {light}
rNeg    . . .      Spirit   .   E - +2 scale mail {rC+}
rPois   .          Reflect  .   (no helmet)
rElec   .          Harm     .   (no cloak)
rCorr   .          Rampage  .   F - +2 pair of gloves
Will    .....                   N - +1 pair of boots
Stlth   ..........              L - amulet of magic regeneration
HPRegen 0.21/turn               J - +6 ring of dexterity
MPRegen 0.58/turn               (no ring)

@: corroded, glowing, studying Short Blades
A: high MP 1, forlorn, divine attributes
a: no special abilities


You were on level 10 of the Dungeon.
You visited 1 branch of the dungeon, and saw 10 of its levels.
You also visited: Ossuary.

You collected 512 gold pieces.
You spent 135 gold pieces at shops.

Inventory:

Hand Weapons
 a - a +0 spear of venom (weapon)
 c - a +0 hand axe of freezing
 l - a +1 hand axe of holy wrath
 B - a +0 antimagic spear
 C - a +0 halberd
 P - a +0 glaive
Missiles
 d - 5 boomerangs of dispersal
 j - 19 bolts
 k - 9 poisoned darts
 q - 8 boomerangs (quivered)
 w - 125 stones
Armour
 e - an orb of light (worn)
 D - a +2 robe of fire resistance
 E - a +2 scale mail of cold resistance (worn)
 F - a +2 pair of gloves (worn)
 N - a +1 pair of boots (worn)
Magical Staves
 b - a staff of fire
 i - a staff of poison
Jewellery
 J - a +6 ring of dexterity (left hand)
 L - an amulet of magic regeneration (around neck)
Wands
 A - a wand of acid (8)
 H - a wand of paralysis (4)
Scrolls
 f - a scroll of amnesia
 o - 5 scrolls of teleportation {unknown}
 p - a scroll of magic mapping {unknown}
 s - 2 scrolls of fog
 u - 3 scrolls of enchant armour
 x - a scroll of blinking
 M - 2 scrolls of holy word {unknown}
Potions
 g - 2 potions of lignification
 h - a potion of might
 m - 3 potions of brilliance
 n - a potion of cancellation
 r - 2 potions of flight
 t - 3 potions of haste
 v - 4 potions of heal wounds
 z - a potion of magic
 G - a potion of curing
 I - a potion of resistance {unknown}
 K - a potion of berserk rage {unknown}
 Q - 2 potions of ambrosia
Miscellaneous
 O - a condenser vane


   Skills:
 + Level 2.2 Fighting
 + Level 9.7 Polearms
 - Level 0.8 Throwing
 - Level 0.8 Armour
 - Level 1.7 Dodging
 - Level 7.1 Spellcasting
 - Level 2.6 Translocations
 - Level 5.4 Fire Magic


You had 5 spell levels left.
You knew the following spells:

 Your Spells              Type           Power      Damage    Failure   Level
a - Blink                 Tloc           34%        N/A       16%         2
b - Teleport Other        Tloc           17%        N/A       30%         3
c - Conjure Flame         Conj/Fire      17%        6-21      28%         3
d - Wereblood             Tmut           6%         N/A       41%         2
e - Ignite Poison         Fire/Tmut/Pois 13%        N/A       38%         3
f - Sticky Flame          Conj/Fire      17%        2d4       67%         4

Your spell library contained the following spells:

 Spells                   Type           Power      Damage    Failure   Level
 Sandblast                Erth           12%        2d6       30%         1
 Gell's Gravitas          Tloc           17%        N/A       30%         3
 Lesser Beckoning         Tloc           17%        N/A       30%         3
 Passwall                 Tmut/Erth      5%         N/A       41%         2
 Static Discharge         Conj/Air       6%         N/A       41%         2
 Sublimation of Blood     Necr           6%         N/A       41%         2
 Stone Arrow              Conj/Erth      12%        3d7       65%         3
 Manifold Assault         Tloc           17%        N/A       95%         5
 Airstrike                Air            3%         N/A       96%         4
 Dispel Undead            Necr           6%         3d8       96%         4
 Summon Lightning Spire   Summ/Air       6%         N/A       96%         4
 Lightning Bolt           Conj/Air       3%         1d14      100%        5
 Storm Form               Tmut/Air       3%         N/A       100%        7
 Summon Hydra             Summ           3%         N/A       100%        7


Dungeon Overview and Level Annotations

Branches:
Dungeon (10/15)            Temple (0/1) D:6         Ossuary (visited)
   Lair: D:8-11         Orc: D:9-12

Shops:
D:2 (   D:7 [

Annotations:
D:8 Erica, Maggie
D:10 Gastronok


Innate Abilities, Weirdness & Mutations

You have an increased reservoir of magic. (+10% MP)
You shall have no god before yourself.
Your divine heritage dramatically boosts your attributes as you level up.


Message History

You hit the brown ugly thing but do no damage.
The brown ugly thing is moderately wounded.
Press: ? - help, v - describe, . - travel
Here: a brown ugly thing (moderately wounded, very poisoned, haloed)
The floor.
You hit the brown ugly thing.
The brown ugly thing looks as sick as possible!
The brown ugly thing is moderately wounded.
The brown ugly thing engulfs you.
You are splashed with acid.
You feel stable enough to blink again.
Casting: Blink (safe; 16% risk of failure)
Confirm with . or Enter, or press ? or * to list all spells.
You blink.
Reach: a) +0 spear (venom)
Press: ? - help, Dir - move target, f/p - brown ugly thing
Aim: a brown ugly thing (moderately wounded, extremely poisoned, haloed, about 17% to evade your +0 spear of venom)
You reach to attack!
You hit the brown ugly thing but do no damage.
The brown ugly thing is moderately wounded.
Your magical contamination has completely faded away.
There is a stone staircase leading down here.
Casting: Blink (safe; 16% risk of failure)
Confirm with . or Enter, or press ? or * to list all spells.
Okay, then.
You feel stable enough to blink again. The brown ugly thing engulfs you!
The acid corrodes you!
You are splashed with acid!
* * * LOW HITPOINT WARNING * * *
Casting: Blink (safe; 16% risk of failure)
Confirm with . or Enter, or press ? or * to list all spells.
Aiming: Teleport Other (dangerous; 30% risk of failure)
Press: ? - help, Shift-Dir - straight line, f/p - brown ugly thing
Aim: a brown ugly thing (heavily wounded, very poisoned, haloed, chance to affect: 38%)
Okay, then.
Unknown command.
Okay, then.
The brown ugly thing engulfs you.
* * * LOW HITPOINT WARNING * * *
The acid corrodes you!
You are splashed with acid!
You die...

#.# .######.######.
...............
.######.####### ###.#
##...# #..### #.## #@#
##u##########
###...>.......### .##
#.).............#
.....##.#...........#.#
...
........#...........#.#
...
.....####........(..#.#
... ....
#.......(...#.# ... ...
#.....>.....#.##...


You could see a brown ugly thing (very poisoned).

Vanquished Creatures
  Pikel (D:6)
  Prince Ribbit (D:7)
  A shadow (D:9)
  A wyvern (D:9)
  3 water moccasins
  An orc warrior (D:9)
  A sky beast (D:6)
  A black bear (D:5)
  An ogre (D:5)
  5 centaurs
  4 lemures
  A bullfrog (D:7)
  A wyvern zombie (D:7)
  2 scorpions
  11 killer bees
  2 water moccasin skeletons (D:6)
  4 wights
  2 howler monkeys (D:8)
  7 centaur zombies
  A human zombie (Ossuary)
  A hound (D:4)
  A gnoll shaman (D:7)
  5 orc priests
  A centaur skeleton (D:5)
  2 iguanas
  8 orc wizards
  A hound zombie (D:5)
  4 hound skeletons
  6 mummies
  10 gnolls
  2 howler monkey skeletons (D:7)
  8 adders
  2 shadow imps
  2 white imps (D:5)
  2 dart slugs
  29 orcs
  12 endoplasms
  7 giant cockroaches
  8 goblins
  6 hobgoblins
  6 kobolds
  5 quokkas
  13 ball pythons
  5 bats
  4 frilled lizards
  2 gnoll zombies (Ossuary)
  A hobgoblin zombie (Ossuary)
  2 orc zombies (D:5)
  2 rats
208 creatures vanquished.

Vanquished Creatures (others)
  A butterfly (D:9)
1 creature vanquished.

Grand Total: 209 creatures vanquished

Notes
Turn   | Place    | Note
-------+----------+-------------------------------------------
     0 | D:1      | drugrobin the Demigod Warper began the quest for the Orb.
     0 | D:1      | Reached XP level 1. HP: 17/17 MP: 5/5
    46 | D:1      | Reached skill level 2 in Polearms
   391 | D:2      | Reached XP level 2. HP: 3/24 MP: 7/7
   419 | D:2      | Learned a level 2 spell: Blink
   804 | D:2      | Reached skill level 3 in Polearms
  1071 | D:1      | Reached XP level 3. HP: 29/29 MP: 8/8
  1342 | D:1      | Learned a level 3 spell: Teleport Other
  2152 | D:2      | Found Ymusof's Weapon Boutique.
  2339 | D:2      | Reached skill level 4 in Polearms
  2810 | D:2      | Bought a +0 spear of venom for 72 gold pieces
  2865 | D:3      | Noticed a water moccasin
  2875 | D:3      | Killed a water moccasin
  2876 | D:3      | Reached XP level 4. HP: 23/36 MP: 8/10
  2876 | D:3      | Reached XP level 5. HP: 26/41 MP: 9/12
  3939 | D:4      | Learned a level 3 spell: Conjure Flame
  3995 | D:4      | Reached skill level 5 in Polearms
  4054 | D:4      | Reached XP level 6. HP: 34/48 MP: 12/14
  4977 | D:5      | Entered Level 5 of the Dungeon
  5041 | D:5      | Found a sand-covered staircase.
  5057 | Ossuary  | Entered an ossuary
  5148 | Ossuary  | Reached skill level 6 in Polearms
  5148 | Ossuary  | Reached XP level 7. HP: 33/53 MP: 16/16
  5266 | Ossuary  | Learned a level 2 spell: Wereblood
  5521 | D:5      | Reached skill level 7 in Polearms
  6285 | D:5      | Reached XP level 8. HP: 4/60 MP: 18/18
  6688 | D:5      | Reached skill level 5 in Spellcasting
  7401 | D:6      | Reached skill level 1 in Fire Magic
  7410 | D:6      | Learned a level 3 spell: Ignite Poison
  7450 | D:6      | Noticed Pikel
  7500 | D:6      | Killed Pikel
  7501 | D:6      | Reached skill level 8 in Polearms
  8111 | D:6      | Found a staircase to the Ecumenical Temple.
  9563 | D:7      | Found Fufosuz's Armour Emporium.
  9802 | D:7      | Bought a +0 pair of boots for 63 gold pieces
  9832 | D:7      | Reached XP level 9. HP: 53/67 MP: 21/21
 10232 | D:7      | Noticed Prince Ribbit
 10251 | D:7      | Killed Prince Ribbit
 10252 | D:7      | Reached skill level 9 in Polearms
 11221 | D:7      | HP: 3/67 [poisoned by a killer bee]
 11474 | D:7      | Reached skill level 5 in Fire Magic
 11816 | D:8      | Noticed Erica
 11848 | D:8      | Noticed Maggie
 12117 | D:8      | Learned a level 4 spell: Sticky Flame
 13545 | D:10     | Entered Level 10 of the Dungeon
 13602 | D:10     | Noticed Gastronok
 13690 | D:10     | Noticed a brown ugly thing
 13719 | D:10     | Splashed by a brown ugly thing's acid

Illustrated notes

Levels and vault maps discovered:
D:1:      dpeg_arrival_orchard, layout_rooms, minmay_tromino_v4_a
D:2:      layout_rooms, serial_shops, shop_statue,
          shapermc_ecumenical_altar_flowoftime, roderic_lattice_a
D:3:      layout_loops_ring, minmay_snake_closets
D:4:      layout_loops_ring
D:5:      layout_basic, okawaru_trees_1, nicolae_ossuary_entry_giza
D:6:      layout_layer_cave, cheibriados_altar_1,
          minmay_temple_entry_statues_fountains, uniq_pikel
D:7:      layout_rooms, serial_shops, shop, hangedman_feature_mirror,
          uniq_prince_ribbit1
D:8:      layout_cave_pools, mainiacjoe_overflow_boulevard,
          kennysheep_minor_cross, uniq_erica, uniq_maggie
D:9:      layout_cave_pods, nicolae_elyvilon_peaceful_grove
D:10:     layout_roguey, uniq_gastronok

Skill      XL: |  1  2  3  4  5  6  7  8  9 |
---------------+----------------------------+-----
Polearms       | 2 3 4 5 6 7 8 9 |  9.7
Spellcasting   | 2 3 4 6 7 |  7.1
Fire Magic     | 3 5 |  5.4
Fighting       | 2 |  2.2
Throwing       | |  0.8
Armour         | |  0.8
Dodging        | |  1.7
Translocations | |  2.6

Action                   |  1- 3 |  4- 6 |  7- 9 || total
-------------------------+-------+-------+-------++-------
Melee: Spear             |   150 |   121 |   375 ||   646
       Hand axe          |    31 |    15 |   153 ||   199
       Staff             |       |       |     3 ||     3
Throw: Boomerang         |       |     3 |     2 ||     5
       Stone             |       |       |    17 ||    17
       Dart              |       |       |     6 ||     6
 Cast: Conjure Flame     |       |       |     7 ||     7
       Wereblood         |       |       |     6 ||     6
       Teleport Other    |       |       |     1 ||     1
       Blink             |       |       |     4 ||     4
Evoke: Wand              |       |       |    10 ||    10
  Use: Scroll            |     2 |     4 |     9 ||    15
       Potion            |       |       |     3 ||     3
 Stab: Paralysed         |       |       |     6 ||     6
Armor: Leather armour    |    30 |    27 |    62 ||   119
       Scale mail        |       |       |    78 ||    78
       Robe              |       |       |    73 ||    73
Dodge: Dodged            |    74 |    47 |   247 ||   368

Table legend: (Time is in decaauts)
 A = Elapsed time spent in this place.
 B = Non-inter-level travel time spent in this place.
 C = Inter-level travel time spent in this place.
 D = Time resting spent in this place.
 E = Time spent auto-exploring this place.
 F = Levels seen in this place.
 G = Mean time per level.
                   A        B        C        D        E       F      G
               +--------+--------+--------+--------+--------+-----+--------+
         Total |  13585 |  13029 |    556 |   4135 |   6236 |  11 | 1235.0 |
       Dungeon |  13132 |  12576 |    556 |   3965 |   6129 |  10 | 1313.2 |
       Ossuary |    453 |    453 |      0 |    170 |    107 |   1 |  453.0 |
               +--------+--------+--------+--------+--------+-----+--------+

Top non-repeatable levels by time:
     D:6: 2421 daAuts
     D:7: 2053 daAuts
     D:5: 1887 daAuts
     D:2: 1467 daAuts
     D:9: 1291 daAuts
     D:3: 1246 daAuts
     D:1: 1188 daAuts
     D:4: 1060 daAuts
 Ossuary: 453 daAuts
     D:8: 345 daAuts
    D:10: 169 daAuts
